 Dungeon Crawl Stone Soup version 0.31-a0-1570-g93c622d222 (webtiles) character file.

Game seed: 16103880858950817085

58 innerfire43 the Conjurer (level 3, 0/28 HPs)
             Began as a Demonspawn Wanderer on Jan 3, 2024.
             Slain by a gnoll
             ... wielding a +0 spear
              (8 damage)
             ... on level 3 of the Dungeon.
             The game lasted 00:04:18 (1573 turns).

innerfire43 the Conjurer (Demonspawn Wanderer)      Turns: 1573, Time: 00:04:18

Health: 0/28       AC:  2    Str: 12    XL:     3   Next: 75%
Magic:  2/2        EV: 11    Int: 19    God:
Gold:   54         SH:  5    Dex: 14    Spells: 4/6 levels left

rFire   . . .        l - +6 whip of Law {antimagic, Int+3 Dex+2}
rCold   . . .        (no shield)
rNeg    + . .        c - +0 robe
rPois   .            (no helmet)
rElec   .            (no cloak)
rCorr   .            (no gloves)
SInv    .            (no boots)
Will    .....        e - amulet of reflection
Stlth   +            g - ring of positive energy
HPRegen 0.24/turn    (no ring)
MPRegen 0.08/turn

%: reflection
@: no status effects
A: big brain 1
a: no special abilities


You were on level 3 of the Dungeon.
You visited 1 branch of the dungeon, and saw 3 of its levels.

You collected 54 gold pieces.

Inventory:

Hand Weapons
 a - a +1 rapier
 l - the +6 whip of Law (weapon) {antimagic, Int+3 Dex+2}
   (You found it on level 2 of the Dungeon)

   Int+3:     It affects your intelligence (+3).
   Dex+2:     It affects your dexterity (+2).
Armour
 c - a +0 robe (worn)
Jewellery
 e - an amulet of reflection (around neck)
 g - a ring of positive energy (left hand)
Scrolls
 b - a scroll of fear
 d - 2 scrolls of amnesia {unknown}
 h - a scroll of teleportation {unknown}
 i - 2 scrolls of poison {unknown}
 j - a scroll of fog {unknown}
 k - a scroll of identify {unknown}
Potions
 f - a potion of curing
 m - a potion of resistance {unknown}


   Skills:
 + Level 2.4 Fighting
 - Level 2.9 Short Blades
 * Level 0.7 Maces & Flails
 - Level 1.0 Throwing
 + Level 2.0 Spellcasting
 + Level 3.6 Conjurations


You had 4 spell levels left.
You knew the following spells:

 Your Spells              Type           Power      Damage    Failure   Level
a - Static Discharge      Conj/Air       16%        3-4/arc   12%         2

Your spell library contained the following spells:

 Spells                   Type           Power      Damage    Failure   Level
 Magic Dart               Conj           60%        1d6       3%          1
 Momentum Strike          Conj/Tloc      16%        3d8       12%         2
 Blink                    Tloc           2%         N/A       26%         2
 Call Imp                 Summ           2%         N/A       26%         2
 Inner Flame              Hex/Fire       1%         N/A       45%         3
 Irradiate                Conj/Alch      4%         3d13      92%         5
 Ignition                 Fire           0%         3d3       100%        8


Dungeon Overview and Level Annotations

Branches:
Dungeon (3/15)

Altars:
Ashenzari
Fedhas
Ru


Innate Abilities, Weirdness & Mutations

You have an unusually large brain. (Int +2)


Message History

Done exploring.
No target in view!
Done exploring.
No target in view!
Done exploring.
No target in view!
No target in view!
Done exploring.
There is a stone staircase leading down here.
You climb downwards.
Found a chain mail and 20 gold pieces.
There is a stone staircase leading up here.
You now have 48 gold pieces (gained 14).
You now have 54 gold pieces (gained 6).
Found a blossoming altar of Fedhas.
No target in view!
No target in view!
Found a broken altar of Ashenzari.
A gnoll comes into view. It is wielding a +0 spear.
Found a sacrificial altar of Ru.
The gnoll shouts!
You hear a shout!
A gnoll comes into view. It is wielding a +0 club.
A gnoll comes into view. It is wielding a +0 halberd.
The gnoll moves out of view.
You hear a shout!
There are monsters nearby!
A gnoll comes into view. It is wielding a +0 spear.
The gnoll shouts!
The gnoll hits you from afar with a +0 spear.
You whack the gnoll!
The gnoll is heavily wounded.
The gnoll barely misses you. x2
The gnoll hits you from afar with a +0 spear!
The gnoll hits you with a +0 club. You block the gnoll's attack.
The gnoll barely misses you. The gnoll misses you.
The gnoll hits you with a +0 club.
* * * LOW HITPOINT WARNING * * *
The gnoll completely misses you.
The gnoll hits you from afar with a +0 spear!
You die...

#. #. .. .. #.
#. #.#######.#
###.##<
#......#.#
#.#......
..._...#
#.....###
#._8...#
##...†.. #..g..#
##..###
##.#####.ggg.###
#..# #
..........@....#
#..# #
#.###..######.#
#..# # #..# #.#
#..### ##.###..#
#.# #.....
#.......# #.#
#..### ...####.#
#.# #..### # #.#
#.# #.....
#.######.##
#..###
#.........##
#..# #


You could see 4 gnolls.

Vanquished Creatures
  An adder (D:3)
  A dart slug (D:1)
  4 ball pythons
  6 endoplasms
  3 giant cockroaches
  A goblin (D:1)
  6 hobgoblins
  3 jackals (D:2)
  3 kobolds
  2 quokkas
  4 bats
  2 frilled lizards
  2 rats (D:2)
38 creatures vanquished.

Notes
Turn   | Place    | Note
-------+----------+-------------------------------------------
     0 | D:1      | innerfire43 the Demonspawn Wanderer began the quest for the
                  | Orb.
     0 | D:1      | innerfire43 set off with the following items: a +1 rapier,
                  | a scroll of fear, a +0 robe; and the following spells
                  | available to memorise: Momentum Strike, Static Discharge.
     0 | D:1      | Reached XP level 1. HP: 16/16 MP: 2/2
   249 | D:1      | Gained mutation: You have an unusually large brain. (Int
                  | +2) [demonic ancestry]
   249 | D:1      | Reached XP level 2. HP: 20/22 MP: 4/4
   345 | D:1      | Found a faded altar of an unknown god.
   962 | D:2      | Reached XP level 3. HP: 9/27 MP: 5/5
  1074 | D:2      | Identified the +6 whip of Law {antimagic, Int+3 Dex+2}
  1088 | D:2      | You fall into a shaft and drop 1 floor!
  1383 | D:2      | Learned a level 2 spell: Static Discharge
  1566 | D:3      | Found a blossoming altar of Fedhas.
  1567 | D:3      | Found a broken altar of Ashenzari.
  1568 | D:3      | Found a sacrificial altar of Ru.
  1573 | D:3      | Slain by a gnoll

Illustrated notes

Levels and vault maps discovered:
D:1:      ebering_hopf_link, layout_basic,
          shapermc_ecumenical_altar_starsandcircs
D:2:      layout_basic
D:3:      layout_loops_ring, chequers_temple_overflow_statue_of_worship,
          kennysheep_generic_room_2, uniq_terence, uniq_sigmund

Skill      XL: |  1  2  3 |
---------------+----------+-----
Spellcasting   | 2 |  2.0
Fighting       | |  2.4
Short Blades   | |  2.9
Maces & Flails | |  0.7
Throwing       | |  1.0
Conjurations   | |  3.6

Action                     || total
---------------------------++-------
  Melee: Rapier            ||    81
         Whip              ||    38
    Use: Potion            ||     1
   Stab: Sleeping          ||     3
 Armour: Robe              ||    62
  Dodge: Dodged            ||    89
  Block: Other             ||     8

Table legend: (Time is in decaauts)
 A = Elapsed time spent in this place.
 B = Non-inter-level travel time spent in this place.
 C = Inter-level travel time spent in this place.
 D = Time resting spent in this place.
 E = Time spent auto-exploring this place.
 F = Levels seen in this place.
 G = Mean time per level.
                   A        B        C        D        E       F      G
               +--------+--------+--------+--------+--------+-----+--------+
         Total |   1579 |   1544 |     35 |      0 |   1182 |   3 |  526.3 |
       Dungeon |   1579 |   1544 |     35 |      0 |   1182 |   3 |  526.3 |
               +--------+--------+--------+--------+--------+-----+--------+

Top non-repeatable levels by time:
     D:1: 854 daAuts
     D:2: 620 daAuts
     D:3: 104 daAuts
